 Dungeon Crawl Stone Soup version 0.28-a0-533-g9f97627e2a (webtiles) character file.

Game seed: 13824851046084631545

41 Malachi the Skirmisher (level 3, -3/29 HPs)
             Began as a Demonspawn Berserker on Sept 26, 2021.
             Was a Follower of Trog.
             Succumbed to a kobold's poison
             ... on level 1 of the Dungeon.
             The game lasted 00:02:05 (2182 turns).

Malachi the Skirmisher (Demonspawn Berserker)       Turns: 2182, Time: 00:02:05

Health: -3/29      AC: 10    Str: 18    XL:     3   Next: 32%
Magic:  3/3        EV:  5    Int:  8    God:    Trog [*.....]
Gold:   31         SH:  4    Dex: 12    Spells: 2/2 levels left

rFire   . . .      SeeInvis .   a - +0 falchion
rCold   . . .      Faith    .   (no shield)
rNeg    . . .      Spirit   .   h - +0 plate armour
rPois   .          Reflect  .   (no helmet)
rElec   .          Harm     .   (no cloak)
rCorr   .          Rampage  .   (no gloves)
Will    .....                   (no boots)
Stlth   ..........              (no amulet)
HPRegen 0.09/turn               (no ring)
MPRegen 0.08/turn               (no ring)

@: lethally poisoned (-3 -> -15), on berserk cooldown, slowed, very slow
A: condensation shield
a: Renounce Religion, Berserk


You were on level 1 of the Dungeon.
You worshipped Trog.
Trog was aware of your devotion.
You visited 1 branch of the dungeon, and saw 2 of its levels.

You collected 31 gold pieces.

Inventory:

Hand Weapons
 a - a +0 falchion (weapon)
Armour
 h - a +0 plate armour (worn)
Scrolls
 d - a scroll of identify {unknown}
 f - a scroll of immolation {unknown}
 g - a scroll of vulnerability {unknown}
 j - a scroll of brand weapon {unknown}
Potions
 b - a potion of flight {unknown}
 c - a potion of curing {unknown}
 e - 2 potions of magic {unknown}
 i - a potion of degeneration {unknown}


   Skills:
 + Level 3.3 Fighting
 + Level 3.3 Long Blades
 + Level 1.8 Armour
 + Level 2.1 Dodging
 + Level 0.7 Stealth


You had 2 spell levels left.
You didn't know any spells.
Your spell library was empty.

Dungeon Overview and Level Annotations

Branches:
Dungeon (2/15)

Altars:
Beogh


Innate Abilities, Weirdness & Mutations

A meltable shield of frost defends you. (SH +4)


Message History

You hit the bat.
You kill the bat!
Trog accepts your kill.
You feel very sick. You block the kobold's attack.
You hit the kobold but do no damage.
You feel sick.
The kobold hits you with a +4 dagger of venom.
You are more poisoned.
You block the kobold's attack.
You closely miss the kobold.
You feel very sick. The kobold hits you but does no damage.
You are lethally poisoned!
You are too injured to fight recklessly!
A red film seems to cover your vision as you go berserk!
You feel yourself moving faster!
You feel mighty!
You feel very sick.
The kobold hits you with a +4 dagger of venom.
You are lethally poisoned!
You slash the kobold!
You kill the kobold!
Trog accepts your kill.
* * * LOW HITPOINT WARNING * * *
You feel very sick.
You are too berserk!
There is a lethal amount of poison in your body!
There is a lethal amount of poison in your body!
* * * LOW HITPOINT WARNING * * *
You feel very sick.
You feel a strong urge to attack something.
* * * LOW HITPOINT WARNING * * *
You feel very sick.
* * * LOW HITPOINT WARNING * * *
You feel sick.
You feel your anger nearly subside.
You are no longer berserk.
You are exhausted.
You feel yourself slow down.
* * * LOW HITPOINT WARNING * * *
You feel sick.
You die...

.. ####.
....####################
....................... #
#...#..##...........##
....#...#..#...######...#
........#@..............#
#..##...##.####''####.#
#....†####.#8......8#.#
........)....#≈......§#.##
..........####§§....§≈#..#
....?.....# #§......≈##.#
..........# #≈..88..§##..
..........# #≈......≈###.
..........# #≈......≈###'


There were no monsters in sight!

Vanquished Creatures
  A worm (D:2)
  2 dart slugs
  4 bats (D:1)
  5 endoplasms (D:1)
  A giant cockroach (D:1)
  2 hobgoblins (D:1)
  4 kobolds
  4 quokkas (D:1)
  A ball python (D:1)
  2 frilled lizards
  A goblin (D:1)
  6 rats (D:1)
33 creatures vanquished.

Notes
Turn   | Place    | Note
-------+----------+-------------------------------------------
     0 | D:1      | Malachi the Demonspawn Berserker began the quest for the
                  | Orb.
     0 | D:1      | Reached XP level 1. HP: 18/18 MP: 1/1
   321 | D:1      | Gained mutation: A meltable shield of frost defends you.
                  | (SH +4) [demonic ancestry]
   321 | D:1      | Reached XP level 2. HP: 16/24 MP: 2/2
  1485 | D:1      | You fall into a shaft and drop 1 floor!
  1620 | D:2      | Reached XP level 3. HP: 16/29 MP: 3/3
  2094 | D:1      | Found a faded altar of an unknown god.
  2181 | D:1      | HP: 1/29 [poisoned by a kobold]
  2182 | D:1      | Succumbed to a kobold's poison

Illustrated notes

Levels and vault maps discovered:
D:1:      lightli_arrival_noodles, layout_basic,
          hellmonk_ecumenical_altar_defaced_shrine, st_stairs_11,
          interstate_on_off, minmay_misc_feat_encased
D:2:      layout_loops_ring, minivault_25, minmay_pentomino_v2

Skill      XL: |  1  2 |
---------------+-------+-----
Long Blades    | 3 |  3.3
Dodging        | 2 |  2.1
Fighting       | |  3.3
Armour         | |  1.8
Stealth        | |  0.7

Action                   || total
-------------------------++-------
Melee: Falchion          ||   125
Invok: Berserk           ||     1
 Stab: Sleeping          ||     1
Armor: Animal skin       ||    24
       Plate armour      ||    22
Dodge: Dodged            ||    65
Block: Other             ||    25

Table legend: (Time is in decaauts)
 A = Elapsed time spent in this place.
 B = Non-inter-level travel time spent in this place.
 C = Inter-level travel time spent in this place.
 D = Time resting spent in this place.
 E = Time spent auto-exploring this place.
 F = Levels seen in this place.
 G = Mean time per level.
                   A        B        C        D        E       F      G
               +--------+--------+--------+--------+--------+-----+--------+
         Total |   2199 |   2199 |      0 |   1072 |    788 |   2 | 1099.5 |
       Dungeon |   2199 |   2199 |      0 |   1072 |    788 |   2 | 1099.5 |
               +--------+--------+--------+--------+--------+-----+--------+

Top non-repeatable levels by time:
     D:1: 1800 daAuts
     D:2: 398 daAuts
